[Event "*** Titled Tuesday Blitz"]
[Site "Chess.com"]
[Date "2019.07.02"]
[Round "6"]
[White "NemtsevIgor"]
[Black "riconaipe"]
[Result "0-1"]
[WhiteElo "2292"]
[BlackElo "2494"]
[TimeControl "180+2"]
[EndTime "14:25:03 PDT"]
[Termination "riconaipe won by checkmate"]

1. e4 c6 2. d4 d5 3. Be3 dxe4 4. f3 Nf6 5. Nc3 Bf5 6. g4 Bg6 7. h4 h5 8. g5 Nd5 9. Qd2 Nxc3 10. bxc3 Nd7 11. Bg2 exf3 12. Nxf3 e6 13. O-O Bd6 14. Rab1 Nb6 15. Bf4 Nc4 16. Qc1 Bxf4 17. Qxf4 Qd6 18.
Ne5 Nxe5 19. dxe5 Qc5+ 20. Qd4 Qxd4+ 21. cxd4 O-O-O 22. Rb4 Rd7 23. c3 Rhd8 24. Rf2 Rc7 25.
Rfb2 b6 26. Kh2 c5 27. Ra4 cxd4 28. cxd4 Bd3 29. Rf2 Bc4 30. g6 fxg6 31. Rf4 Bd5 32. Bh3 Kb7 33. Ra3 Rc2+ 34. Kg3 Rdc8 35. Rf7+ R8c7 36.
Rxc7+ Rxc7 37. Kf4 Rc2 38. Rg3 Rxa2 39. Rxg6 a5 40.
Rxg7+ Kc6 41. Ra7 Rd2 42. Kg5 Rxd4 43. Re7 Re4 44. Kf6 Rxh4 45. Bxe6 a4 46. Bd7+ Kc5 47.
e6 a3 48. Re8 Rf4+ 49. Ke5 Re4+ 50. Kf5 Kd6 51. Rb8 a2 52. Rxb6+ Ke7 53. Ra6 Re1 54. Ra7 a1=Q 55. Ba4+ Kd6 56. Rd7+ Kc5 57. e7 Qe5+ 58.
Kg6 Qe6+ 59. Kg5 Qxd7 60. Bxd7 Rxe7 61. Bf5 Re5 62. Kf4 Kd4 63. Bh3 Be6 64. Bg2 h4 65. Bf3 h3 66. Kg3 Ke3 67. Bh1 Rg5+ 68. Kh2 Kf2 69. Be4 Bd5 70. Bd3 Bg2 71. Bc4 Re5 72. Bf7 Re1 73. Bd5 Rh1# 0-1

[Event "*** Titled Tuesday Blitz"]
[Site "Chess.com"]
[Date "2019.07.02"]
[Round "6"]
[White "Yoshkinkot"]
[Black "TregubovP"]
[Result "1/2-1/2"]
[WhiteElo "2540"]
[BlackElo "2527"]
[TimeControl "180+2"]
[EndTime "14:25:10 PDT"]
[Termination "Game drawn by agreement"]

1. e4 c5 2. Nf3 e6 3. g3 d5 4. exd5 exd5 5. d4 Nc6 6. Bg2 Bg4 7. O-O cxd4 8. Qe1+ Be7 9. Ne5 Nxe5 10. Qxe5 Nf6 11. Qxd4 O-O 12. Nc3 Be6 13. Bg5 h6 14.
Bf4 Qa5 15. Rfd1 Rfd8 16. a3 Rac8 17. b4 Qa6 18. Bf1 Qc6 19. Be5 Qb6 20. Qxb6 axb6 21.
Rac1 Ng4 22. Bd4 Bf6 23. Nb5 Bxd4 24. Nxd4 Rc3 25. Nb5 Rcc8 26. Nd4 Rc3 27. Nb5 Rcc8 28. Be2 Ne5 29. c3 Nc4 30. Bxc4 dxc4 31. Rxd8+ Rxd8 32. Nd4 Bh3 33. f3 Re8 34. Kf2 Kf8 35. Re1 Rxe1 36. Kxe1 Ke7 37. Kd2 Kd6 38. Ke3 Ke5 39. f4+ Kd5 40. Nf3 f6 41. Nd4 Bd7 42. Kf3 g5 43.
fxg5 fxg5 44. h4 gxh4 45. gxh4 Ke5 46. Ke3 Bg4 47. Nb5 Bd7 48. Nd4 Bc8 49. Kf3 Bd7 50. Ne2 Bc6+ 51. Ke3 Bd5 52. Nd4 Bh1 53. a4 Bg2 54. a5 bxa5 55. bxa5 Kd5 56. Kf4 Bh3 57.
Kg3 Bd7 58. Kf4 Bc8 59. Nf5 Kc5 60. Nxh6 Kb5 61. Nf5 Kxa5 62. h5 Be6 63. h6 Bg8 64. Nd4 b5 65. Ke3 b4 66. Nc6+ Kb5 67. Nxb4 Kc5 68.
Nc2 Kd5 69. Nd4 Ke5 70. Nc6+ Kf6 71. Kd4 Kg5 72. Ne7 Bh7 73. Kxc4 Kxh6 74. Kd5 Kg7 75. c4 Kf8 76. Kd6 Ke8 77. c5 Be4 78. Nd5 Bxd5 79. Kxd5 Kd7 80. c6+ 1/2-1/2

[Event "*** Titled Tuesday Blitz"]
[Site "Chess.com"]
[Date "2019.07.02"]
[Round "6"]
[White "amylazy"]
[Black "mitrabhaa"]
[Result "1-0"]
[WhiteElo "2425"]
[BlackElo "2687"]
[TimeControl "180+2"]
[EndTime "14:25:11 PDT"]
[Termination "amylazy won by resignation"]

1. d4 Nf6 2. Nf3 c5 3. d5 b5 4. Bg5 Qb6 5. e3 Bb7 6. Bxf6 gxf6 7. Nc3 a6 8. Be2 f5 9. a3 Bg7 10. O-O O-O 11. Nh4 Qf6 12. g3 d6 13. Bf3 Nd7 14. Bg2 Kh8 15. Qh5 e6 16. Rad1 Ne5 17. dxe6 Bxg2 18.
Kxg2 fxe6 19. Rxd6 Qe7 20. Rfd1 Ra7 21. f4 Qb7+ 22. Kg1 Nc4 23. Ng6+ Kg8 24. Nxf8 Nxe3 25. Qxh7+ Kxf8 26. Rd8+ Kf7 27. Qh5+ Kf6 28. Qg5+ Kf7 29. Qh5+ Kf6 30. Qh4+ Kg6 31. R1d2 Qf3 32. Qg5+ Kh7 33. Qh4+ Kg6 34. Qg5+ Kh7 35. Rf2 Qc6 36. Qh5+ Bh6 37. Rfd2 Rg7 38. R8d6 Qc8 39. Rd8 Qb7 40. Qe8 Bxf4 41.
Qh8+ Kg6 42. Rg8 Bh6 43. Rxg7+ Bxg7 44. Qe8+ Kh7 45. Qxe6 Bd4 46. h4 Ng4+ 47. Rxd4 cxd4 48. Qxf5+ Kh8 49. Qh5+ Kg7 50. Qxg4+ Kf8 51. Qxd4 Kg8 52. Qf4 Qb6+ 53. Kh2 Qc6 54. Qe4 Qh6 55. Qd5+ Kf8 56. Qf5+ Ke8 57. Qe4+ Kd8 58. Qd4+ Kc8 59. Ne4 Qc1 60.
Qc5+ Kd7 61. Qd6+ Ke8 62. Qe6+ Kd8 63. Qd6+ Ke8 64. Qe5+ Kd7 65. Qd4+ Ke8 66. Nd6+ Ke7 67. Nf5+ Ke6 68. Qe3+ 1-0

[Event "*** Titled Tuesday Blitz"]
[Site "Chess.com"]
[Date "2019.07.02"]
[Round "6"]
[White "aa175"]
[Black "kosmeg"]
[Result "1-0"]
[WhiteElo "2281"]
[BlackElo "2459"]
[TimeControl "180+2"]
[EndTime "14:25:46 PDT"]
[Termination "aa175 won by resignation"]

1. d4 Nf6 2. Bf4 e6 3. e3 c5 4. c3 b6 5. Nd2 Bb7 6. Ngf3 Be7 7. Bd3 cxd4 8. exd4 d6 9. h3 Nbd7 10. O-O O-O 11.
Qe2 Re8 12. Ne4 Nxe4 13. Bxe4 Bxe4 14. Qxe4 Nf6 15. Qe2 Qd7 16. Rfe1 b5 17. a3 Qc6 18. Nd2 a5 19. Qf3 Qxf3 20. Nxf3 Nd5 21. Bd2 Rec8 22.
Rec1 Rc7 23. Ne1 Rac8 24. Nd3 h5 25. g4 hxg4 26. hxg4 a4 27. Kg2 Nb6 28. Rh1 Nc4 29. Bf4 g5 30. Bg3 Kg7 31. Rh5 Rh8 32. Rah1 Rxh5 33. Rxh5 Rc8 34. Rh1 f6 35. Re1 Kf7 36. Re2 Bf8 37. f3 Nb6 38. Nb4 d5 39. Na6 Rc6 40. Nb8 Rc8 41. Na6 Rc6 42. Kg1 Nc4 43. Nb8 Rc8 44. Na6 Bd6 45. Bxd6 Nxd6 46. Nc5 Re8 47.
Rh2 Kg7 48. Re2 Kf7 49. Rh2 Kg6 50. Re2 e5 51. dxe5 fxe5 52. Nd3 Kf6 53. Nb4 Ke6 54. Nc6 Kf6 55. Nb4 Ke6 56. Nc6 Nc4 57. Nd4+ Kf6 58. Nxb5 Rb8 59. Nc7 Rxb2 60. Nxd5+ Ke6 61. Rxb2 Nxb2 62.
Ne3 Kd6 63. Kf2 Nd3+ 64. Ke2 Nc5 65. Kd1 Ne6 66. Nc4+ Kd5 67. Nb6+ Kc5 68. Nxa4+ Kc4 69. Kc2 Nf4 70. Nb6+ Kc5 71. Nd7+ Kd6 72. Nf6 Ng2 73.
Ne4+ Kd5 74. Nxg5 Nf4 75. Ne4 Ng2 76. Kd2 Nh4 77. Ke3 Ng6 78. g5 Kc4 79. Nd6+ Kxc3 80. Ke4 Kb3 81. Nf7 Kxa3 82. Nxe5 Nh4 83. f4 Kb4 84. g6 Nf5 85. Kxf5 1-0

[Event "*** Titled Tuesday Blitz"]
[Site "Chess.com"]
[Date "2019.07.02"]
[Round "6"]
[White "theblitzchamp"]
[Black "LisikValera"]
[Result "1/2-1/2"]
[WhiteElo "2636"]
[BlackElo "2447"]
[TimeControl "180+2"]
[EndTime "14:25:46 PDT"]
[Termination "Game drawn by repetition"]

1. e4 e6 2. Nf3 d5 3. Nc3 Nf6 4. e5 Nfd7 5. d4 c5 6. dxc5 Bxc5 7. Bd3 Nc6 8. Bf4 Be7 9. Qe2 Nc5 10. O-O-O Nxd3+ 11. Qxd3 Bd7 12. h4 h6 13. h5 Qa5 14. Kb1 O-O-O 15. Bd2 Qb6 16. Be3 Qa5 17. a3 Kb8 18.
Ne2 Rc8 19. Ned4 Nxd4 20. Nxd4 a6 21. Rh3 b5 22. Rg3 Rhg8 23. Qh7 b4 24. Bd2 Qb6 25.
Bxb4 Bxb4 26. axb4 Rgf8 27. Rxg7 Rc4 28. Rxf7 Rxf7 29.
Qxf7 Rxd4 30. Rxd4 Qxd4 31. Qxd7 Qxe5 32. Qe8+ Kb7 33. Ka2 Qd6 34. Qf7+ Kb8 35. Qg8+ Kb7 36. Qg7+ Kb8 37. Qg3 e5 38. c3 d4 39. cxd4 Qxd4 40. Qe3 Qd5+ 41. Ka3 Kb7 42. Qc3 Qxg2 43. Qxe5 Qxf2 44.
Qg7+ Ka8 45. Qxh6 Qf3+ 46. Ka2 Qd5+ 47. b3 Qg2+ 48. Ka3 Qh1 49. Qxa6+ Kb8 50. Qb5+ Ka7 51. Qc5+ Kb7 52. Qc3 Qxh5 53. Qg7+ Ka6 54. Qc7 Qh1 55. Qd6+ Kb7 56. b5 Qa1+ 57. Kb4 Qe1+ 58. Kc4 Qc1+ 59. Kb4 Qe1+ 60. Ka4 Qa1+ 61. Qa3 Qd4+ 62. Qb4 Qa1+ 63. Qa3 Qd4+ 64. b4 Qd1+ 65. Qb3 Qa1+ 66. Qa3 Qd1+ 67. Ka5 Qd8+ 68. b6 Qxb6+ 69. Ka4 Qa6+ 70. Kb3 Qxa3+ 71. Kxa3 Kb6 72. Kb3 Kb5 73. Kc3 Kb6 74. Kc4 Kc6 75. b5+ Kb6 76. Kb4 Kb7 77. Kc5 Kc7 78.
Kd5 Kb6 79. Kc4 Kb7 80. Kb4 Kb6 81. Ka4 Kb7 82. Ka5 Ka7 83. b6+ Kb7 84. Kb5 Kb8 85. Kc5 Kb7 86. Kb5 Kb8 87. Ka6 Ka8 88. Kb5 Kb7 89.
Kc5 Kb8 90. Kc6 Kc8 91. Kb5 Kb7 92. Ka5 Kb8 93. Ka6 Ka8 94. Ka5 Kb7 95. Kb5 1/2-1/2

[Event "*** Titled Tuesday Blitz"]
[Site "Chess.com"]
[Date "2019.07.02"]
[Round "6"]
[White "swisspower96"]
[Black "Infernal_XaM"]
[Result "1-0"]
[WhiteElo "2738"]
[BlackElo "2868"]
[TimeControl "180+2"]
[EndTime "14:25:54 PDT"]
[Termination "swisspower96 won by resignation"]

1. d4 e6 2. c4 b6 3. Nf3 Bb7 4. g3 f5 5. Bg2 Bb4+ 6. Bd2 Bd6 7. O-O Nf6 8. Nc3 Na6 9. Bg5 O-O 10. Re1 Be7 11. Bxf6 Bxf6 12. e4 fxe4 13. Nxe4 Bxe4 14.
Rxe4 c5 15. Qa4 Nb4 16. Rd1 Rf7 17. h4 Qc7 18. Re2 Raf8 19. Red2 Nc6 20. dxc5 bxc5 21. a3 Nd4 22. Nh2 g5 23. h5 Bg7 24. b4 h6 25.
bxc5 Qxc5 26. Qb4 Qf5 27. c5 a5 28. Qc4 Rb8 29. Qd3 Qxd3 30. Rxd3 Rb2 31. R3d2 Ne2+ 32.
Kh1 Rxf2 33. Rxb2 Nxg3+ 34. Kg1 Rxb2 35. Rxd7 Bd4+ 36. Rxd4 Ne2+ 37. Kf1 Nxd4 38. Ng4 Kg7 39. Ne5 Rc2 40. c6 Rc5 41. Nd7 Rc3 42. Ne5 Rxa3 43. c7 Ra1+ 44. Kf2 Ra2+ 45. Kg1 Rc2 46.
Nc6 Ne2+ 47. Kh2 Nf4 48. c8=Q Rxg2+ 49. Kh1 a4 50. Qd7+ Kf6 51. Qd4+ Kf5 52. Qxa4 Kg4 53. Qd1+ Kh4 54. Ne5 Kh3 55. Qf3+ Rg3 56. Qf1+ Kh4 57. Ng6+ Kg4 58. Qd1+ Kf5 59. Qc2+ Kg4 60. Qd1+ Kf5 61.
Ne7+ Kf6 62. Nc6 Rh3+ 63. Kg1 Rg3+ 64. Kf2 Rd3 65. Qa1+ Kf5 66. Qb1 Kf6 67. Qb2+ Kf5 68. Qh8 Rd2+ 69. Ke1 Re2+ 70. Kd1 Kg4 71. Qxh6 Re3 72.
Qh8 Nxh5 73. Ne5+ Kh4 74. Ng6+ Kg4 75. Ne5+ Kf5 76. Nc4 Rd3+ 77. Kc2 Rh3 78. Nd6+ Kg4 79. Qe5 Nf4 80. Ne4 Rh5 81. Nf6+ Kh4 82. Nxh5 Kxh5 83. Kd2 Kg4 84. Ke3 Ng2+ 85. Kf2 Nf4 86. Qe4 Kh4 87.
Kf3 1-0

[Event "*** Titled Tuesday Blitz"]
[Site "Chess.com"]
[Date "2019.07.02"]
[Round "6"]
[White "WorldChampionBulletChess"]
[Black "Colombiano07"]
[Result "1/2-1/2"]
[WhiteElo "2135"]
[BlackElo "2172"]
[TimeControl "180+2"]
[EndTime "14:26:05 PDT"]
[Termination "Game drawn by 50-move rule"]

1. e4 c5 2. d3 Nf6 3. g3 e5 4. Bg2 Be7 5. Ne2 O-O 6. O-O d6 7. Nd2 Nc6 8. c3 Bg4 9. f3 Be6 10. f4 Qc8 11. Nf3 Bh3 12. f5 Bxg2 13. Kxg2 Ne8 14. Neg1 Nc7 15. Ng5 Bxg5 16. Bxg5 f6 17. Be3 b6 18. Qg4 d5 19. exd5 Nxd5 20. Qc4 Rd8 21.
Bf2 Kh8 22. Nf3 Nce7 23. h4 Nxf5 24. Qe4 Qd7 25. Rad1 Nfe7 26. d4 cxd4 27. cxd4 exd4 28. Rxd4 Qf5 29. Re1 Qxe4 30. Rdxe4 Ng8 31. Nd4 Rac8 32. Ne6 Re8 33. Rd4 Rc6 34. Rxd5 Rcxe6 35. Rxe6 Rxe6 36. Rd7 Re7 37. Rd8 g6 38. Kf3 Kg7 39. Bd4 Kf7 40.
a4 f5 41. b4 Nf6 42. a5 bxa5 43. bxa5 a6 44. Rd6 Re6 45. Rb6 Nd5 46. Rb7+ Re7 47.
Rb8 Re4 48. Rb7+ Ke6 49. Bc5 Rc4 50. Bb6 Rc3+ 51. Kg2 h5 52. Rg7 f4 53. Rxg6+ Kf5 54. Rg5+ Ke4 55. gxf4 Nxf4+ 56. Kf1 Kf3 57. Ke1 Rd3 58.
Rf5 Rd5 59. Rf8 Kg4 60. Bc7 Ng2+ 61. Kf2 Nxh4 62. Rg8+ Rg5 63. Ra8 Rf5+ 64. Kg1 Nf3+ 65. Kg2 h4 66. Rg8+ Rg5 67. Rf8 h3+ 68. Kf2 Nd4 69.
Rf4+ Kh5 70. Rxd4 h2 71. Bxh2 Rxa5 72. Rd2 Kg4 73. Bg1 Kf4 74. Ke2 Ke4 75. Rd4+ Ke5 76.
Kd3 Rd5 77. Rxd5+ Kxd5 78. Kc3 a5 79. Kb3 a4+ 80. Ka2 a3 81. Be3 Ke6 82. Bc1 Kd7 83. Bd2 Kc6 84. Bc3 Kb7 85. Bb4 Kc8 86. Bc5 Kd7 87. Bd4 Ke8 88. Bc3 Kf7 89. Bb4 Kg8 90.
Bc3 Kh7 91. Bd2 Kg6 92. Be3 Kf5 93. Bb6 Kg4 94. Ba5 Kh5 95. Bb4 Kh4 96. Bc5 Kh3 97. Bb4 Kg2 98. Ba5 Kh1 99. Bb6 Kg2 100. Ba7 Kf1 101. Bb8 Ke2 102. Bc7 Kd3 103. Bd6 Kc4 104. Bc5 Kb5 105. Be7 Kc6 106. Bf8 Kd7 107. Bg7 Kd6 108. Bh6 Kd5 109. Bd2 Kc4 110. Bc1 Kd3 111. Bg5 Kc2 112. Be7 Kd3 113. Bf6 Kc4 114. Bg7 Kb5 115. Bh8 Kc6 116. Bg7 Kd7 117. Bh6 Ke6 118. Bg5 Kf7 119. Bh4 Kg6 120. Bg3 Kf5 121. Bf2 Kg4 122. Be1 Kf3 123. Bd2 Ke4 124. Bc3 Kd3 125. Bb4 Kc4 126. Ba5 Kb5 127. Bc7 Ka4 128.
Bd8 Kb5 129. Be7 Kc6 130. Bf6 Kd6 1/2-1/2

[Event "*** Titled Tuesday Blitz"]
[Site "Chess.com"]
[Date "2019.07.02"]
[Round "6"]
[White "David_Paravyan"]
[Black "PaulfromSPb"]
[Result "1-0"]
[WhiteElo "2856"]
[BlackElo "2630"]
[TimeControl "180+2"]
[EndTime "14:26:41 PDT"]
[Termination "David_Paravyan won by resignation"]

1. d4 Nf6 2. c4 e6 3. Nc3 Bb4 4. Qc2 O-O 5. a3 Bxc3+ 6. Qxc3 b6 7. Bg5 Bb7 8. Nh3 d5 9. cxd5 exd5 10. Qf3 Nbd7 11.
e3 c5 12. Bd3 Qe8 13. O-O Ne4 14. Bf4 f5 15. Bxe4 dxe4 16. Qg3 cxd4 17. exd4 Nf6 18. Be5 Rc8 19. Rac1 Qd7 20. Nf4 Qf7 21. h3 Ba6 22.
Rfd1 Rfe8 23. Rxc8 Rxc8 24. d5 Rd8 25. Ne6 Rxd5 26.
Rxd5 Nxd5 27. Nxg7 Qg6 28. Nxf5 Qxg3 29. Bxg3 Bd3 30.
Nd6 a5 31. Be5 Kf8 32. Bd4 b5 33. Nb7 a4 34. Kh2 Ke7 35. Kg3 Ke6 36. Nc5+ Kf5 37.
Nxd3 exd3 38. Kf3 d2 39. Ke2 Nf4+ 40. Kxd2 Nxg2 41. Kc3 Nf4 42. Kb4 Ke4 43. Ba7 Nxh3 44. Kxb5 h5 45. Kxa4 h4 46. b4 Nf4 47. b5 h3 48. b6 h2 49. b7 h1=Q 50. b8=Q Qd1+ 51.
Ka5 Nd5 52. Qe8+ Kd3 53. Qb5+ Ke4 54. Qc4+ Ke5 55. f4+ Kf5 56. Bd4 Nxf4 57. a4 Qf3 58. Kb4 Nd5+ 59. Kc5 Nf4 60. Qf7+ Kg4 61. Qd7+ Kg5 62.
Qg7+ Kf5 63. Qf6+ Kg4 64. Qg7+ Kf5 65. Qf7+ Kg4 66. Qd7+ Kg5 67. Qd8+ Kg4 68. Qg8+ Kf5 69. Kd6 Qd3 70. Qh7+ Ng6 71. Qf7+ Kg5 72. Qd5+ Kg4 73.
Bb6 Qa6 74. a5 Nf4 75. Qc6 Qd3+ 76. Kc7 Qa6 77. Qd7+ Kf3 78. Qc6+ Kg4 79. Kb8 Qd3 80. Kb7 Nd5 81. Qe6+ Kf3 82. Qh3+ Ke4 83. Qxd3+ Kxd3 84. a6 Nb4 85. a7 1-0

[Event "*** Titled Tuesday Blitz"]
[Site "Chess.com"]
[Date "2019.07.02"]
[Round "6"]
[White "Th3ChessViking"]
[Black "jacky72"]
[Result "1-0"]
[WhiteElo "2475"]
[BlackElo "2603"]
[TimeControl "180+2"]
[EndTime "14:27:28 PDT"]
[Termination "Th3ChessViking won by checkmate"]

1. c4 g6 2. g3 Bg7 3. Bg2 Nf6 4. Nc3 O-O 5. Nf3 d6 6. d3 e5 7.
O-O Nc6 8. Rb1 a5 9. a3 Re8 10. Bg5 h6 11. Bxf6 Bxf6 12. b4 axb4 13. axb4 Bg7 14. b5 Ne7 15. Qb3 Be6 16. Nd2 c6 17. Ra1 d5 18. Rxa8 Qxa8 19. Rb1 dxc4 20. Nxc4 Nd5 21.
Ne4 cxb5 22. Qxb5 Re7 23. Nb6 Nxb6 24. Qxb6 Kh7 25. Nc5 Qa2 26. Bf3 Bd5 27. Bxd5 Qxd5 28. Nxb7 e4 29. dxe4 Qxe4 30. e3 Re6 31. Qb3 Rf6 32.
Nc5 Qf5 33. Nd3 h5 34. h4 Rd6 35. Nf4 Qe4 36. Qb7 Qc2 37. Rf1 Qc4 38. Qb1 Rd2 39. Qc1 Qa2 40. Qc7 Rb2 41. Qe7 Rc2 42. Nh3 Bh6 43.
Qb7 Rc5 44. Qb1 Qe6 45. Kh2 Rd5 46. Rd1 Rf5 47. Qd3 Ra5 48. Qd7 Qf6 49. Rd6 Qf3 50.
Qc6 Qxc6 51. Rxc6 Ra2 52. Rc7 Kg7 53. Kg2 Bxe3 54. Rc3 Bd4 55. Rf3 f6 56. Nf4 Kf7 57. Nd3 Ke6 58. Nf4+ Kf7 59. Nd3 Rd2 60. Nf4 Ba7 61.
Nd3 Kg7 62. Nf4 g5 63. hxg5 fxg5 64. Nxh5+ Kg6 65. g4 Bd4 66. Ng3 Ra2 67. Rf5 Bf6 68. Ne4 Be7 69. Re5 Kf7 70. Nxg5+ Kf6 71. Rf5+ Kg6 72. Nh3 Ra4 73. f3 Bh4 74. Nf4+ Kg7 75.
Nh5+ Kg6 76. Kh3 Bg5 77. Ng3 Ra2 78. Ne4 Be7 79. f4 Ra3+ 80. Kg2 Ra2+ 81. Kf3 Ra3+ 82. Ke2 Ra2+ 83. Ke3 Ra3+ 84. Kd4 Ra4+ 85. Kd5 Bh4 86. Re5 Ra5+ 87. Kd6 Ra6+ 88. Kc5 Ra5+ 89. Kd6 Ra6+ 90. Kd7 Ra7+ 91. Ke6 Ra6+ 92. Nd6 Ra4 93. f5+ Kg7 94. Re4 Ra6 95. Re3 Bg5 96. Re4 Bh4 97. Rf4 Bg3 98. f6+ Kf8 99. Rd4 Ra1 100. Ne4 Bc7 101. Kf5 Rg1 102. g5 Ke8 103. g6 Rf1+ 104. Ke6 Rg1 105. g7 Rg6 106. Rc4 Bd8 107. Rc8 Rxg7 108. Rxd8+ Kxd8 109. fxg7 Kc7 110. g8=Q Kb7 111. Qd8 Ka7 112. Qc7+ Ka8 113. Qc6+ Kb8 114. Qd7 Ka8 115. Kf7 Kb8 116. Kg8 Ka8 117. Kh7 Kb8 118. Kg6 Ka8 119. Kh5 Kb8 120. Kg4 Ka8 121.
Kh3 Kb8 122. Kg2 Ka8 123. Kf1 Kb8 124. Kf2 Ka8 125. Ke1 Kb8 126. Ke2 Ka8 127. Kd1 Kb8 128. Kd2 Ka8 129. Kc2 Kb8 130. Kc3 Ka8 131. Kb3 Kb8 132. Kb4 Ka8 133. Kc4 Kb8 134. Kb5 Ka8 135. Kc5 Kb8 136. Kb6 Ka8 137. Qb7# 1-0

[Event "*** Titled Tuesday Blitz"]
[Site "Chess.com"]
[Date "2019.07.02"]
[Round "7"]
[White "Rish_97"]
[Black "RitvarsReimanis"]
[Result "1-0"]
[WhiteElo "2540"]
[BlackElo "2569"]
[TimeControl "180+2"]
[EndTime "14:30:25 PDT"]
[Termination "Rish_97 won by resignation"]

1. e4 c5 2. Nf3 Nc6 3. Bb5 g6 4. O-O Bg7 5. Re1 Nh6 6. c3 O-O 7. d4 cxd4 8. cxd4 d6 9. h3 Qa5 10. Nc3 a6 11. Ba4 b5 12. Bb3 b4 13. Nd5 Qd8 14.
Bg5 Bd7 15. Qd2 Ng4 16. hxg4 Bxg4 17. Rac1 Bxf3 18. Rxc6 1-0

[Event "*** Titled Tuesday Blitz"]
[Site "Chess.com"]
[Date "2019.07.02"]
[Round "7"]
[White "StephenDedalus83"]
[Black "wnstop"]
[Result "0-1"]
[WhiteElo "2789"]
[BlackElo "2683"]
[TimeControl "180+2"]
[EndTime "14:30:38 PDT"]
[Termination "wnstop won by resignation"]

1. e4 c5 2. Nf3 Nc6 3. d4 cxd4 4. Nxd4 e5 5. Nb5 d6 6. N1c3 a6 7. Na3 Be7 8. Nc4 b5 9. Ne3 Nf6 10. g3 O-O 11. Bg2 b4 12. Ncd5 Nxd5 13. Nxd5 Bg5 14.
O-O Bxc1 15. Rxc1 Rb8 16. Qd2 a5 17. c3 bxc3 18. Rxc3 Nd4 19. Ne3 Be6 20. b3 a4 21.
bxa4 Qa5 22. Qd3 Qxc3 0-1

[Event "*** Titled Tuesday Blitz"]
[Site "Chess.com"]
[Date "2019.07.02"]
[Round "7"]
[White "Alexander_Moskalenko"]
[Black "FairChess_on_YouTube"]
[Result "1/2-1/2"]
[WhiteElo "2873"]
[BlackElo "3039"]
[TimeControl "180+2"]
[EndTime "14:30:45 PDT"]
[Termination "Game drawn by agreement"]

1. d4 Nf6 2. c4 e6 3. Nc3 Bb4 4. Qc2 O-O 5. a3 Bxc3+ 6. Qxc3 d5 7. Nf3 dxc4 8. Qxc4 b6 9. Bg5 Ba6 10. Qa4 Qd7 11.
Qxd7 Nbxd7 12. Bxf6 Nxf6 13. e3 Bb7 14. Rc1 Rac8 15.
Be2 c5 16. dxc5 Ne4 17. O-O Nxc5 18. Nd4 1/2-1/2

[Event "*** Titled Tuesday Blitz"]
[Site "Chess.com"]
[Date "2019.07.02"]
[Round "7"]
[White "darsen_sanzhaev"]
[Black "shnitez"]
[Result "0-1"]
[WhiteElo "2619"]
[BlackElo "2590"]
[TimeControl "180+2"]
[EndTime "14:31:06 PDT"]
[Termination "shnitez won by resignation"]

1. d4 f5 2. e4 fxe4 3. Nc3 Nf6 4. Bg5 g6 5. f3 d5 6. fxe4 Nxe4 7. Nxe4 dxe4 8.
Bc4 Nc6 9. Ne2 Na5 10. Bb3 Nxb3 11. axb3 Bg7 12. O-O Bg4 13. c3 a6 14. b4 Qd5 15.
Ra5 Qc4 16. Re5 Bxe5 0-1

[Event "*** Titled Tuesday Blitz"]
[Site "Chess.com"]
[Date "2019.07.02"]
[Round "7"]
[White "benhal"]
[Black "Andrei_Belozerov"]
[Result "1-0"]
[WhiteElo "2407"]
[BlackElo "2531"]
[TimeControl "180+2"]
[EndTime "14:31:36 PDT"]
[Termination "benhal won by resignation"]

1. d4 d5 2. Bf4 Nf6 3. e3 c5 4.
dxc5 e6 5. b4 a5 6. c3 axb4 7.
cxb4 b6 8. Bxb8 Rxb8 9. Bb5+ Nd7 10. c6 Bxb4+ 11. Kf1 O-O 12. cxd7 Bxd7 13. Bxd7 Qxd7 14. Nf3 Rfc8 15. g3 Ra8 16. Kg2 Be7 17. Nbd2 Bf6 18. Rb1 Rxa2 19. Rxb6 h5 20. Qb3 Rcc2 21. Rb8+ Kh7 22.
Qd3+ g6 23. h4 Qa4 24. Rb7 Kg7 25. Rhb1 Rc3 26. Rxf7+ Kxf7 27. Rb7+ Kf8 28. Qxg6 1-0

[Event "*** Titled Tuesday Blitz"]
[Site "Chess.com"]
[Date "2019.07.02"]
[Round "7"]
[White "TheCavemanChesss"]
[Black "DACF2905"]
[Result "1-0"]
[WhiteElo "2426"]
[BlackElo "2227"]
[TimeControl "180+2"]
[EndTime "14:31:39 PDT"]
[Termination "TheCavemanChesss won by resignation"]

1. e4 c5 2. Nf3 e6 3. d4 cxd4 4. Nxd4 a6 5. c4 Qc7 6. Nc3 Nf6 7. a3 Bc5 8. Be3 b6 9. f3 Bb7 10. b4 Be7 11. Rc1 Nc6 12. Be2 Rc8 13. O-O O-O 14. Nd5 exd5 15. cxd5 Qb8 16. dxc6 dxc6 17. Nf5 Bd8 18.
Qd2 g6 19. Nd6 Nd5 20. Nxc8 Nxe3 21. Qxe3 Qxc8 22. Rfd1 Kg7 23. Qd4+ Kg8 24. Qd7 Qb8 25. g3 c5 26. bxc5 bxc5 27. Rb1 1-0

[Event "*** Titled Tuesday Blitz"]
[Site "Chess.com"]
[Date "2019.07.02"]
[Round "7"]
[White "gympod"]
[Black "King_of_the_wing"]
[Result "1/2-1/2"]
[WhiteElo "2295"]
[BlackElo "2147"]
[TimeControl "180+2"]
[EndTime "14:31:48 PDT"]
[Termination "Game drawn by agreement"]

1. c4 e5 2. g3 Nc6 3. Bg2 f5 4.
Nc3 Nf6 5. e3 d5 6. cxd5 Nb4 7.
d3 Nfxd5 8. Nxd5 Nxd5 9. Ne2 Be6 10. O-O Be7 11. Qa4+ c6 12. b3 O-O 13. Bb2 b5 14.
Qa6 Nb4 15. Qb7 Rb8 16. Qxa7 Ra8 17. Qb7 Rb8 18. Qa7 Ra8 19. Qb7 1/2-1/2

[Event "*** Titled Tuesday Blitz"]
[Site "Chess.com"]
[Date "2019.07.02"]
[Round "7"]
[White "Muisback26"]
[Black "JustaTrickstar"]
[Result "1/2-1/2"]
[WhiteElo "2948"]
[BlackElo "2859"]
[TimeControl "180+2"]
[EndTime "14:32:08 PDT"]
[Termination "Game drawn by repetition"]

1. e4 d6 2. d4 Nf6 3. Nc3 g6 4. g3 Bg7 5. Bg2 O-O 6. Nge2 c6 7. a4 e5 8. h3 a5 9. O-O Na6 10. Be3 Nb4 11. Nb1 d5 12. dxe5 Nxe4 13. c3 Na6 14. f3 Nec5 15. f4 f6 16. exf6 Bxf6 17. Bd4 Re8 18. Bxf6 Qxf6 19. Nd4 Bf5 20. Nd2 Be4 21.
Nxe4 Nxe4 22. Kh2 Nac5 23. Nf3 Nxg3 24. Kxg3 Ne4+ 25. Kh2 Qxf4+ 26. Kg1 Qe3+ 27. Kh2 Qf4+ 28. Kg1 Qe3+ 29. Kh2 Qf4+ 1/2-1/2

[Event "*** Titled Tuesday Blitz"]
[Site "Chess.com"]
[Date "2019.07.02"]
[Round "7"]
[White "Siniauski"]
[Black "zurzan"]
[Result "1-0"]
[WhiteElo "2421"]
[BlackElo "1930"]
[TimeControl "180+2"]
[EndTime "14:32:09 PDT"]
[Termination "Siniauski won by checkmate"]

1. e4 Nf6 2. e5 Nd5 3. c4 Nb6 4. d4 d6 5. f4 dxe5 6. fxe5 Nc6 7. Be3 Bf5 8. Nc3 e6 9. Nf3 Bb4 10. Be2 O-O 11. O-O a5 12. a3 Bxc3 13. bxc3 a4 14. Bd3 Bg6 15. Bxg6 hxg6 16. Qd3 Nd7 17. Qe4 Re8 18.
Ng5 Re7 19. Qh4 Nf8 20. Rf3 f6 21.
Rh3 fxg5 22. Bxg5 Kf7 23. Rf1+ Ke8 24. Rxf8+ Kxf8 25. Qh8+ Kf7 26. Rf3# 1-0

[Event "*** Titled Tuesday Blitz"]
[Site "Chess.com"]
[Date "2019.07.02"]
[Round "7"]
[White "PaulfromSPb"]
[Black "mbojan"]
[Result "0-1"]
[WhiteElo "2621"]
[BlackElo "2604"]
[TimeControl "180+2"]
[EndTime "14:32:18 PDT"]
[Termination "mbojan won by resignation"]

1. d4 g6 2. e4 Bg7 3. Nc3 d6 4. f4 a6 5. Be3 b5 6. a3 Nd7 7. Nf3 Bb7 8. e5 Nb6 9. Bd3 Nh6 10. O-O O-O 11. h3 f6 12. exf6 exf6 13. Bf2 Nd5 14. Qd2 Qd7 15. Be4 Qf7 16. Rae1 Rae8 17. Kh2 Kh8 18.
Re2 Nxc3 19. Bxb7 Nxe2 20. Bc6 Re7 21. d5 g5 22. g3 gxf4 23. gxf4 Qh5 24. Be3 Rxe3 25.
Qxe3 Ng4+ 0-1

[Event "*** Titled Tuesday Blitz"]
[Site "Chess.com"]
[Date "2019.07.02"]
[Round "7"]
[White "Oleg_Papayan"]
[Black "Angry_Twin"]
[Result "0-1"]
[WhiteElo "2517"]
[BlackElo "2795"]
[TimeControl "180+2"]
[EndTime "14:32:20 PDT"]
[Termination "Angry_Twin won by resignation"]

1. e4 c5 2. Nf3 d6 3. d4 cxd4 4. Nxd4 Nf6 5. Nc3 a6 6. Be3 e5 7. Nb3 Be6 8. f3 Nbd7 9. Qd2 b5 10. O-O-O Be7 11. Kb1 O-O 12. g4 b4 13. Ne2 a5 14.
Ng3 a4 15. Nc1 b3 16. cxb3 axb3 17. a3 Nb6 18. g5 Nfd7 19. Nf5 d5 20. Nxe7+ Qxe7 21. f4 dxe4 22. fxe5 Nd5 23. Bd4 e3 24. Bxe3 Nxe5 25.
Bd4 Bf5+ 26. Ka1 Rxa3+ 27. bxa3 Qxa3+ 28. Na2 Ra8 0-1

[Event "*** Titled Tuesday Blitz"]
[Site "Chess.com"]
[Date "2019.07.02"]
[Round "7"]
[White "vanea_03"]
[Black "josiwales"]
[Result "1-0"]
[WhiteElo "2660"]
[BlackElo "2475"]
[TimeControl "180+2"]
[EndTime "14:32:43 PDT"]
[Termination "vanea_03 won by resignation"]

1. Nf3 d5 2. c4 c6 3. g3 Nf6 4. Bg2 Bg4 5. Ne5 Bf5 6. cxd5 cxd5 7. Nc3 e6 8. g4 Bg6 9. Qa4+ Nfd7 10. h4 h5 11.
Nxg6 fxg6 12. Qc2 Kf7 13. gxh5 gxh5 14. d4 Nc6 15. e3 Nf6 16. Qe2 Rc8 17. Bd2 Bb4 18.
a3 Bxc3 19. Bxc3 Rf8 20. Bf3 Rh8 21. Rg1 Qd6 22. Kd2 e5 23. dxe5 Nxe5 24. Ke1 Rc4 25. Rg5 Nxf3+ 26. Qxf3 Rxh4 27. Rd1 Qh2 28. Ke2 Rh3 29.
Qf5 Re8 30. Rxg7+ 1-0